 Dungeon Crawl Stone Soup version 0.31.0-11-ge490571c62 (webtiles) character file.

Game seed: 3560155869643721399

4544 Ashen the Covert (level 10, -1/74 HPs)
             Began as a Gnoll Enchanter on Feb 3, 2024.
             Was an Elder of Uskayaw.
             Killed by divine providence
             ... invoked by an orc priest
              (13 damage)
             ... on level 8 of the Dungeon.
             The game lasted 00:21:34 (7892 turns).

Ashen the Covert (Gnoll Enchanter)                  Turns: 7892, Time: 00:21:35

Health: -1/74      AC:  4    Str:  8    XL:     10   Next: 40%
Magic:  18/21      EV: 16    Int: 14    God:    Uskayaw [****..]
Gold:   320        SH:  0    Dex: 17    Spells: 13/24 levels left

rFire   . . .        x - +1 dagger (speed)
rCold   . . .        (no shield)
rNeg    + . .        b - +0 robe
rPois   .            s - +2 helmet of the Minstrel {rN+}
rElec   .            u - +0 cloak
rCorr   .            (no gloves)
SInv    .            j - +0 pair of boots
Will    .....        (no amulet)
Stlth   ++++         (no ring)
HPRegen 0.32/turn    (no ring)
MPRegen 0.17/turn

%: no passive effects
@: corroded, invisible
A: fangs 1, strong nose, distributed training
a: Renounce Religion, Stomp, Line Pass


You were on level 8 of the Dungeon.
You worshipped Uskayaw.
Uskayaw was noncommittal.
You visited 2 branches of the dungeon, and saw 9 of its levels.

You collected 320 gold pieces.

Inventory:

Hand Weapons
 o - a +0 vampiric dagger
 x - a +1 dagger of speed (weapon)
 E - a +4 dagger of holy wrath
 F - a +2 long sword of draining
Missiles
 f - 4 poisoned darts (quivered)
Armour
 b - a +0 robe (worn)
 j - a +0 pair of boots (worn)
 s - the +2 helmet of the Minstrel (worn) {rN+}
   (You took it off Robin on level 3 of the Dungeon)

   rN+:       It protects you from negative energy.
 u - a +0 cloak (worn)
Jewellery
 C - an amulet of the acrobat
 I - a ring of positive energy
Wands
 a - a wand of paralysis (11)
 J - a wand of light (7)
Scrolls
 d - 11 scrolls of identify {unknown}
 h - 6 scrolls of blinking {unknown}
 k - a scroll of fear {unknown}
 q - 5 scrolls of silence {unknown}
 r - a scroll of revelation {unknown}
 v - a scroll of brand weapon {unknown}
 y - 2 scrolls of poison {unknown}
 z - a scroll of noise {unknown}
 A - a scroll of acquirement {unknown}
 B - a scroll of enchant weapon {unknown}
 G - a scroll of fog {unknown}
 H - a scroll of teleportation {unknown}
Potions
 c - a potion of invisibility
 e - 2 potions of magic {unknown}
 g - 2 potions of haste {unknown}
 i - 2 potions of lignification {unknown}
 l - a potion of curing {unknown}
 m - 2 potions of heal wounds {unknown}
 n - a potion of degeneration {unknown}
 p - 2 potions of might {unknown}
 t - a potion of ambrosia {unknown}
 w - 3 potions of mutation {unknown}
 D - a potion of attraction {unknown}


   Skills:
 + Level 5.4 Fighting
 + Level 6.1 Short Blades
 + Level 5.4 Long Blades
 + Level 5.4 Axes
 + Level 5.4 Maces & Flails
 + Level 5.4 Polearms
 + Level 5.4 Staves
 + Level 5.4 Ranged Weapons
 + Level 5.4 Throwing
 + Level 5.4 Armour
 + Level 7.2 Dodging
 + Level 8.2 Stealth
 + Level 5.4 Shields
 + Level 5.4 Unarmed Combat
 + Level 7.5 Spellcasting
 + Level 4.5 Conjurations
 + Level 7.2 Hexes
 + Level 4.5 Summonings
 + Level 4.5 Necromancy
 + Level 4.5 Translocations
 + Level 4.5 Fire Magic
 + Level 4.5 Ice Magic
 + Level 4.5 Air Magic
 + Level 4.5 Earth Magic
 + Level 4.5 Alchemy
 + Level 6.0 Invocations
 + Level 5.4 Evocations
 + Level 5.0 Shapeshifting


You had 13 spell levels left.
You knew the following spells:

 Your Spells              Type           Power      Damage    Failure   Level
a - Ensorcelled Hibernat  Hex/Ice        42%        N/A       1%          2
b - Confusing Touch       Hex            25%        N/A       2%          3
c - Tukima's Dance        Hex            25%        N/A       2%          3
d - Dazzling Flash        Conj/Hex       42%        N/A       3%          3

Your spell library contained the following spells:

 Spells                   Type           Power      Damage    Failure   Level
 Apportation              Tloc           34%        N/A       2%          1
 Magic Dart               Conj           68%        1d6       2%          1
 Necrotise                Necr           68%        1d7       2%          1
 Sting                    Conj/Alch      68%        1d7       2%          1
 Summon Small Mammal      Summ           68%        N/A       2%          1
 Blink                    Tloc           34%        N/A       3%          2
 Call Imp                 Summ           34%        N/A       3%          2
 Lesser Beckoning         Tloc           34%        N/A       3%          2
 Sublimation of Blood     Necr           17%        N/A       3%          2
 Gell's Gravitas          Tloc           17%        N/A       6%          3
 Teleport Other           Tloc           17%        N/A       6%          3
 Summon Hydra             Summ           8%         N/A       100%        7


Dungeon Overview and Level Annotations

Branches:
Dungeon (8/15)             Temple (1/1) D:4
   Lair: D:8-11

Altars:
Ashenzari
Cheibriados
Dithmenos
Elyvilon
Gozag
Hepliaklqana
Nemelex Xobeh
Okawaru
Qazlal
Ru
Uskayaw
Vehumet
Wu Jian
Zin
The Shining One

Annotations:
D:3 Grinder
D:4 3 runed translucent doors, PigKeeper's ghost, novice TeCA


Innate Abilities, Weirdness & Mutations

You have very sharp teeth.
Your uncanny sense of smell can sniff out nearby items.
Your experience applies equally to all skills.


Message History

The puff of flame misses you.
The puff of flame hits the brown ugly thing.
The brown ugly thing gurgles horribly!
The gnoll shouts!
You hit the brown ugly thing.
You bite the brown ugly thing, but do no damage.
The brown ugly thing is heavily wounded.
You hit the brown ugly thing.
The brown ugly thing is heavily wounded.
The brown ugly thing tail-slaps you!
* * * LOW HITPOINT WARNING * * *
The acid corrodes you!
You are splashed with acid!
* * * LOW HITPOINT WARNING * * *
The gnoll closely misses you. Something closely misses you.
Uskayaw will force your foes to helplessly watch your dance.
Uskayaw prepares the audience for your solo!
The helpless brown ugly thing fails to defend itself.
You perforate the brown ugly thing like a sieve!!!
You kill the brown ugly thing!
Your Invocations skill increases to level 6!
The gnoll is no longer blind.
There is an open door, spattered with blood here.
Things that are here:
an ugly thing corpse; a killer bee corpse The helpless killer bee fails to defend itself.
You spit the killer bee like a pig!!!
You kill the killer bee!
The killer bee is no longer paralysed.
The gnoll is no longer paralysed. x3
The orc priest is no longer paralysed. x2; The orc priest is no longer blind.
The killer bee closely misses you.
Uskayaw will force your foes to share their pain.
Uskayaw links your audience in an emotional bond!
Your Shapeshifting skill increases to level 5!
You barely miss the killer bee. Your bite misses the killer bee.
The killer bee misses you.
You hit the killer bee but do no damage.
The killer bee misses you.
The orc priest invokes the aid of Beogh against you.
Beogh smites you!
You die...

# ###......#
..........#.#......#
..........#.#......#
..........#.'......#
..........#.#......#
..........#.#......#
..........#.#......#
.......†y.#.#.######
#@# #.#...#.# #.#
#.###.#.# ####{# #<
#...# #..gg##
###.###### ##
#..oo.####
#........# +.
#..g.....#
#.#..###.# #..
#....###.###+#..#
#...#....#
#......### ..g######
##.....#


You could see a killer bee (unable to see you, pain bonded), 2 orc priests and 3
gnolls.

Vanquished Creatures
  An ugly thing (D:8)
  Joseph (D:7)
  Maggie (D:7)
  Prince Ribbit (D:5)
  A steam dragon (D:6)
  Eustachio (D:4)
  Duvessa (D:6)
  3 water moccasins
  A black bear (D:7)
  3 orc warriors
  2 ice beasts
  2 sky beasts (D:6)
  2 ogres
  2 phantoms
  A gnoll sergeant (D:6)
  2 kobold brigands (D:6)
  2 scorpions
  A bullfrog (D:6)
  Dowan (D:6)
  3 killer bees (D:8)
  A howler monkey (D:4)
  3 bombardier beetles
  3 hounds
  2 jellies
  4 orc priests
  Crazy Yiuf (D:3)
  Jessica (D:3)
  3 iguanas
  2 sleepcaps
  Natasha (thrice) (D:3)
  7 orc wizards
  Robin (D:3)
  5 gnolls
  8 adders
  A dart slug (D:5)
  32 orcs
  6 endoplasms
  8 giant cockroaches
  15 goblins
  11 hobgoblins
  5 jackals (D:2)
  3 quokkas
  10 ball pythons
  A bat (D:1)
  3 frilled lizards
  18 kobolds
  3 rats
192 creatures vanquished.

Notes
Turn   | Place    | Note
-------+----------+-------------------------------------------
     0 | D:1      | Ashen the Gnoll Enchanter began the quest for the Orb.
     0 | D:1      | Reached XP level 1. HP: 13/13 MP: 6/6
   255 | D:1      | Reached XP level 2. HP: 19/19 MP: 7/7
   258 | D:1      | Learned a level 2 spell: Ensorcelled Hibernation
   444 | D:1      | Reached skill level 6 in Stealth
   444 | D:1      | Reached skill level 5 in Spellcasting
   444 | D:1      | Reached XP level 3. HP: 22/25 MP: 5/9
   457 | D:1      | Reached skill level 1 in Invocations
   723 | D:1      | You fall into a shaft and drop 1 floor!
   763 | D:2      | Reached skill level 1 in Fighting
   763 | D:2      | Reached skill level 1 in Long Blades
   763 | D:2      | Reached skill level 1 in Axes
   763 | D:2      | Reached skill level 1 in Maces & Flails
   763 | D:2      | Reached skill level 1 in Polearms
   763 | D:2      | Reached skill level 1 in Staves
   763 | D:2      | Reached skill level 1 in Ranged Weapons
   763 | D:2      | Reached skill level 1 in Throwing
   763 | D:2      | Reached skill level 1 in Armour
   763 | D:2      | Reached skill level 1 in Shields
   763 | D:2      | Reached skill level 1 in Unarmed Combat
   763 | D:2      | Reached skill level 1 in Evocations
   784 | D:2      | Reached skill level 1 in Shapeshifting
   784 | D:2      | Reached XP level 4. HP: 13/32 MP: 1/11
  1341 | D:2      | Reached skill level 1 in Conjurations
  1341 | D:2      | Reached skill level 1 in Summonings
  1341 | D:2      | Reached skill level 1 in Necromancy
  1341 | D:2      | Reached skill level 1 in Translocations
  1341 | D:2      | Reached skill level 1 in Fire Magic
  1341 | D:2      | Reached skill level 1 in Ice Magic
  1341 | D:2      | Reached skill level 1 in Air Magic
  1341 | D:2      | Reached skill level 1 in Earth Magic
  1341 | D:2      | Reached skill level 1 in Alchemy
  1561 | D:3      | Found a hazy altar of Hepliaklqana.
  1570 | D:3      | Noticed Grinder
  1575 | D:3      | Noticed Jessica
  1585 | D:3      | Killed Jessica
  1586 | D:3      | Reached XP level 5. HP: 37/37 MP: 12/12
  1692 | D:3      | Noticed Natasha
  1700 | D:3      | Killed Natasha
  2320 | D:3      | Identified the +2 helmet of the Minstrel {rN+}
  2320 | D:3      | Noticed Robin
  2390 | D:3      | Killed Robin
  2565 | D:3      | Found a glowing silver altar of Zin.
  2631 | D:3      | Found a runed translucent door.
  2632 | D:3      | Noticed Crazy Yiuf
  2720 | D:3      | Noticed Natasha
  2729 | D:3      | Killed Natasha
  2943 | D:3      | Noticed Natasha
  2953 | D:3      | Killed Natasha
  2954 | D:3      | Reached XP level 6. HP: 40/44 MP: 4/14
  3107 | D:3      | Killed Crazy Yiuf
  3108 | D:3      | Reached skill level 5 in Dodging
  3371 | D:4      | Noticed Eustachio
  3395 | D:4      | Reached XP level 7. HP: 45/50 MP: 10/15
  3627 | D:4      | Killed Eustachio
  3762 | D:4      | Learned a level 3 spell: Confusing Touch
  3766 | D:4      | Learned a level 3 spell: Tukima's Dance
  3770 | D:4      | Learned a level 3 spell: Dazzling Flash
  3785 | D:4      | Found a staircase to the Ecumenical Temple.
  3853 | Temple   | Entered the Ecumenical Temple
  3883 | Temple   | Became a worshipper of Uskayaw the Reveller
  3969 | Temple   | Reached * piety under Uskayaw
  3973 | Temple   | Reached ** piety under Uskayaw
  4182 | D:4      | Found a runed translucent gate.
  4182 | D:4      | Found a runed translucent gate.
  4182 | D:4      | Found a runed translucent gate.
  4183 | D:4      | Noticed PigKeeper's ghost (novice TeCA)
  4187 | D:4      | Reached XP level 8. HP: 58/58 MP: 6/16
  4605 | D:5      | Entered Level 5 of the Dungeon
  4648 | D:5      | Found an ornate altar of the Wu Jian Council.
  5076 | D:5      | Reached skill level 7 in Stealth
  5081 | D:5      | Reached *** piety under Uskayaw
  5360 | D:5      | Noticed Prince Ribbit
  5378 | D:5      | Killed Prince Ribbit
  5624 | D:6      | Reached XP level 9. HP: 65/65 MP: 18/18
  6047 | D:6      | Reached skill level 5 in Short Blades
  6516 | D:7      | Noticed Dowan
  6626 | D:7      | Noticed Duvessa
  6731 | D:6      | Killed Duvessa
  6732 | D:6      | Reached skill level 5 in Invocations
  6762 | D:6      | Killed Dowan
  7117 | D:7      | Noticed Joseph
  7425 | D:7      | Killed Joseph
  7426 | D:7      | Reached skill level 5 in Fighting
  7426 | D:7      | Reached skill level 5 in Long Blades
  7426 | D:7      | Reached skill level 5 in Axes
  7426 | D:7      | Reached skill level 5 in Maces & Flails
  7426 | D:7      | Reached skill level 5 in Polearms
  7426 | D:7      | Reached skill level 5 in Staves
  7426 | D:7      | Reached skill level 5 in Ranged Weapons
  7426 | D:7      | Reached skill level 5 in Throwing
  7426 | D:7      | Reached skill level 5 in Armour
  7426 | D:7      | Reached skill level 5 in Shields
  7426 | D:7      | Reached skill level 5 in Unarmed Combat
  7426 | D:7      | Reached skill level 5 in Evocations
  7426 | D:7      | Reached XP level 10. HP: 32/74 MP: 4/20
  7574 | D:7      | Reached skill level 8 in Stealth
  7609 | D:7      | Found a snail-covered altar of Cheibriados.
  7641 | D:7      | Noticed Maggie
  7644 | D:7      | Killed Maggie
  7874 | D:8      | Noticed a brown ugly thing
  7888 | D:8      | Killed a brown ugly thing
  7890 | D:8      | Reached **** piety under Uskayaw
  7891 | D:8      | Reached skill level 5 in Shapeshifting
  7892 | D:8      | Killed from afar by an orc priest

Illustrated notes

Levels and vault maps discovered:
D:1:      heliophobic_arrival_ceremonial_halls, layout_basic
D:2:      layout_rooms
D:3:      layout_loops_ring, lemuel_coloured_pillars_altar,
          nicolae_hepliaklqana_hazy_memory, serial_forest,
          infiniplex_forest_clump_tiny, infiniplex_forest_lined_ring,
          infiniplex_forest_corner_2, infiniplex_forest_clump_medium,
          infiniplex_forest_lined_corner, infiniplex_forest_clump_curved,
          infiniplex_forest_clump_diagonal, infiniplex_forest_clump_tiny,
          infiniplex_forest_end_3, uniq_natasha, uniq_crazy_yiuf_cottage,
          uniq_grinder, uniq_jessica, uniq_robin
D:4:      layout_rooms, minmay_temple_entry_poolview,
          gammafunk_ghost_necromancy, minmay_close_crescents, uniq_eustachio
D:5:      minmay_evil_eye, layout_rooms, nzn_wu_jian_contemplation,
          uniq_prince_ribbit1
D:6:      layout_basic
D:7:      layout_gridville, chei_slow_surprise, uniq_duvessa, uniq_joseph,
          uniq_maggie
D:8:      minmay_bloctagon, layout_basic,
          grunt_temple_overflow_growth_and_decay, bloody_makhleb,
          dpeg_lair_monsters
Temple:   bh_familiar_temple

Skill      XL: |  1  2  3  4  5  6  7  8  9 10 |
---------------+-------------------------------+-----
Stealth        | 6 7 8 |  8.2
Spellcasting   | 5 6 7 |  7.5
Invocations    | 1 2 3 4 5 6 |  6.0
Fighting       | 1 2 3 5 |  5.4
Long Blades    | 1 2 3 5 |  5.4
Axes           | 1 2 3 5 |  5.4
Maces & Flails | 1 2 3 5 |  5.4
Polearms       | 1 2 3 5 |  5.4
Staves         | 1 2 3 5 |  5.4
Ranged Weapons | 1 2 3 5 |  5.4
Throwing       | 1 2 3 5 |  5.4
Armour         | 1 2 3 5 |  5.4
Shields        | 1 2 3 5 |  5.4
Unarmed Combat | 1 2 3 5 |  5.4
Evocations     | 1 2 3 5 |  5.4
Shapeshifting  | 1 2 3 4 5 |  5.0
Conjurations   | 1 2 3 4 |  4.5
Summonings     | 1 2 3 4 |  4.5
Necromancy     | 1 2 3 4 |  4.5
Translocations | 1 2 3 4 |  4.5
Fire Magic     | 1 2 3 4 |  4.5
Ice Magic      | 1 2 3 4 |  4.5
Air Magic      | 1 2 3 4 |  4.5
Earth Magic    | 1 2 3 4 |  4.5
Alchemy        | 1 2 3 4 |  4.5
Short Blades   | 3 4 5 6 |  6.1
Dodging        | 5 6 7 |  7.2
Hexes          | 6 7 |  7.2

Action                     |  1- 3 |  4- 6 |  7- 9 | 10-12 || total
---------------------------+-------+-------+-------+-------++-------
  Melee: Dagger            |    76 |   163 |   242 |    24 ||   505
         Bite              |     7 |    13 |    34 |     3 ||    57
         Punch             |       |     4 |     6 |       ||    10
  Throw: Dart              |    12 |       |       |       ||    12
   Cast: Ensorcelled Hiber |    14 |    52 |   130 |     6 ||   202
         Confusing Touch   |       |       |     2 |       ||     2
         Dazzling Flash    |       |       |       |     1 ||     1
  Evoke: Wand              |       |       |       |     1 ||     1
    Use: Potion            |       |       |       |     1 ||     1
   Stab: Sleeping          |    14 |    40 |    79 |     5 ||   138
         Confused          |       |       |     3 |       ||     3
         Paralysed         |       |       |     2 |     2 ||     4
         Invisible         |       |       |       |     3 ||     3
 Armour: Robe              |    35 |    92 |   159 |    11 ||   297
  Dodge: Dodged            |    44 |   134 |   170 |    23 ||   371
